 Dungeon Crawl Stone Soup version 0.19-a0-1111-gcceb26a (webtiles) character file.

290 Musica the Shield-Bearer (level 6, 0/51 HPs)
             Began as a Formicid Fighter on Aug 11, 2016.
             Was an Initiate of Pakellas.
             Succumbed to a scorpion's poison
             ... on level 8 of the Dungeon.
             The game lasted 00:11:48 (2711 turns).

Musica the Shield-Bearer (Formicid Fighter)         Turns: 2711, Time: 00:11:49

Health: 0/51       AC:  8    Str: 20 (21) XL:     6   Next: 58%
Magic:  6/6        EV:  8    Int:  5 (7)  God:    Pakellas [......]
Gold:   224        SH: 11    Dex: 11 (12) Spells: 0 memorised, 5 levels left

rFire  . . .     SeeInvis +     a - +0 trident
rCold  . . .     Gourm    .     b - +0 scale mail
rNeg   . . .     Faith    .     c - +1 shield
rPois  .         Spirit   .     (helmet unavailable)
rElec  .         Dismiss  .     (no cloak)
rCorr  .         Reflect  .     d - +0 pair of gloves
SustAt .         Harm     .     (no boots)
MR     .....                    (no amulet)
Stlth  ..........               (no ring)
                                (no ring)

@: lethally poisoned (0 -> -5)
A: permanent stasis, dig shafts and tunnels, four strong arms, antennae 3
a: Dig, Shaft Self, Renounce Religion


You were on level 8 of the Dungeon.
You worshipped Pakellas.
Pakellas was noncommittal.
You were hungry.

You visited 1 branch of the dungeon, and saw 7 of its levels.

You collected 224 gold pieces.

Inventory:

Hand Weapons
 a - a +0 trident (weapon)
Missiles
 j - 8 javelins (quivered)
 p - 17 poisoned needles
 t - 6 tomahawks
Armour
 b - a +0 scale mail (worn)
 c - a +1 shield (worn)
 d - a +0 pair of gloves (worn)
 r - a +1 leather armour of cold resistance
Jewellery
 h - an uncursed ring of flight
 q - an uncursed ring of protection from fire
Scrolls
 e - a scroll of recharging
 i - a scroll of enchant armour
 l - a scroll of fear {unknown}
 u - 3 scrolls of identify
 v - a scroll of enchant weapon {unknown}
Books
 n - a book of Burglary

   Spells                             Type                      Level
   a - Swiftness                      Charms/Air                   2
   b - Passwall                       Transmutation/Earth          2
   c - Passage of Golubria            Translocation                4
   d - Lee's Rapid Deconstruction     Earth                        5
   e - Darkness                       Hexes                        6
   f - Invisibility                   Hexes                        6
Comestibles
 f - 4 bread rations
 g - 6 fruits
 m - a beef jerky
 s - a meat ration


   Skills:
 + Level 5.1 Fighting
 + Level 3.4 Polearms
 + Level 1.1 Throwing
 - Level 3.2 Armour
 + Level 5.8 Shields


You had 5 spell levels left.
You didn't know any spells.

Dungeon Overview and Level Annotations

Branches:
Dungeon (8/15)
 Temple: D:4-7         Lair: D:8-11

Altars:
Pakellas


Innate Abilities, Weirdness & Mutations

You are under a permanent stasis effect.
You can dig through walls and to a lower floor.
Your four strong arms can wield two-handed weapons with a shield.
You have a pair of large antennae on your head. (SInv)


Message History

* * * LOW HITPOINT WARNING * * *
You feel sick.
You block the centaur skeleton's attack.
The scorpion closely misses you.
You block the centaur skeleton's attack.
Unknown command.
Unknown command.
Unknown command.
Unknown command.
Unknown command.
Unknown command.
You hit the centaur skeleton.
The centaur skeleton is lightly damaged.
* * * LOW HITPOINT WARNING * * *
You feel sick. You block the scorpion's attack.
You block the centaur skeleton's attack.
Unknown command.
You feel magically purged.
You die...
Pakellas says: Time to find a new assistant...

##....#
##.....##
##.......#
##........##
#..........#
#..........#
#.....Z...##
#.....@...$#
#....s.....#
#....%.....#
############


You could see a scorpion and a centaur skeleton.

Vanquished Creatures
  An orc priest (D:3)
  A hound (D:4)
  2 centaur skeletons (D:4)
  An orc wizard (D:3)
  2 worker ants (D:4)
  3 adders (D:3)
  2 worms
  2 giant geckos (D:1)
  3 orcs
  4 giant cockroaches
  7 hobgoblins
  8 kobolds
  A ball python (D:3)
  10 bats
  3 giant newts
  12 goblins
  2 rats (D:3)
64 creatures vanquished.

Notes
Turn   | Place    | Note
-------+----------+-------------------------------------------
     0 | D:1      | Musica the Formicid Fighter began the quest for the Orb.
     0 | D:1      | Reached XP level 1. HP: 18/18 MP: 1/1
   103 | D:1      | Reached XP level 2. HP: 16/24 MP: 2/2
   437 | D:1      | Reached XP level 3. HP: 30/30 MP: 3/3
  1286 | D:2      | Reached XP level 4. HP: 30/38 MP: 4/4
  1594 | D:3      | Reached XP level 5. HP: 12/43 MP: 5/5
  1624 | D:3      | Reached skill level 1 in Throwing
  1646 | D:3      | Reached skill level 5 in Shields
  1948 | D:5      | Entered Level 5 of the Dungeon
  1968 | D:4      | Reached XP level 6. HP: 19/50 MP: 6/6
  2078 | D:4      | Reached skill level 5 in Fighting
  2242 | D:4      | Found an oddly glowing altar of Pakellas.
  2260 | D:4      | Became a worshipper of Pakellas the Inventive
  2673 | D:4      | You fall through a shaft for 3 floors!
  2689 | D:7      | Noticed a black bear
  2709 | D:8      | HP: 2/51 [poisoned by a scorpion]
  2711 | D:8      | Succumbed to a scorpion's poison

Vault maps used:
D:1:      lemuel_arrival_river_bridge, minmay_pentomino_x4
D:2:      first_bread, kennysheep_generic_room_2
D:4:      hangedman_decor_opposing, grunt_pakellas_basics
D:5:      serial_shops, kennysheep_little_box
D:7:      grunt_livestock, minmay_misc_feat_room
D:8:      minmay_lair_entry_grove, basic_altar, enter_ossuary_5

Skill      XL: |  1  2  3  4  5  6 |
---------------+-------------------+-----
Shields        | 4 5 |  5.8
Fighting       | 4 5 |  5.1
Throwing       | 1 |  1.1
Polearms       | 3 |  3.4
Armour         | |  3.2

Action                   |  1- 3 |  4- 6 || total
-------------------------+-------+-------++-------
Melee: Trident           |   108 |   180 ||   288
Throw: Javelin           |    11 |     2 ||    13
 Abil: Shaft Self        |       |     1 ||     1
  Use: Scroll            |     6 |     3 ||     9
       Potion            |       |     6 ||     6
  Eat: Chunk             |     1 |     3 ||     4
       Fruit             |       |     2 ||     2
Armor: Scale mail        |    44 |    53 ||    97
Dodge: Dodged            |    34 |    56 ||    90
Block: Shield            |    51 |   117 ||   168
